 Dungeon Crawl Stone Soup version 0.24.0-1-gfbc8707122 (webtiles) character file.

Game seed: 8616774516283909855, levelgen mode: deterministic

208 mortelune the Covered (level 5, -15/49 HPs)
             Began as a Deep Dwarf Fighter on Oct 26, 2019.
             Demolished by an ogre
             ... wielding a +0 giant club
              (16 damage)
             ... on level 4 of the Dungeon.
             The game lasted 00:06:33 (3213 turns).

mortelune the Covered (Deep Dwarf Fighter)          Turns: 3213, Time: 00:06:34

Health: -15/49     AC: 12    Str: 25    XL:     5   Next: 55%
Magic:  5/5        EV:  8    Int:  9    God:
Gold:   173        SH:  7    Dex: 12    Spells: 4/4 levels left

rFire    . . .     SeeInvis .   o - -1 whip (curse)
rCold    + . .     Gourm    .   i - +2 buckler
rNeg     . . .     Faith    .   r - +2 chain mail {rC+}
rPois    .         Spirit   .   t - -2 helmet (curse)
rElec    .         Reflect  .   k - +1 cloak
rCorr    .         Harm     .   (no gloves)
MR       ++...                  (no boots)
Stlth    ..........             (no amulet)
HPRegen  0.00/turn              p - ring of protection from magic
MPRegen  0.09/turn              m - ring of protection from magic

@: mighty, non-regenerating
A: damage resistance, heal wounds, sense surroundings 1, no regeneration
a: Heal Wounds


You were on level 4 of the Dungeon.
You were near starving.

You visited 2 branches of the dungeon, and saw 5 of its levels.

You collected 173 gold pieces.

Inventory:

Hand Weapons
 a - a +0 war axe
 o - a cursed -1 whip (weapon)
 v - a +2 whip of venom
Armour
 b - a +0 scale mail
 c - a +0 shield
 i - a +2 buckler (worn)
 k - a +1 cloak (worn)
 r - a +2 chain mail of cold resistance (worn)
 t - a cursed -2 helmet (worn)
Jewellery
 m - a ring of protection from magic (right hand)
 p - a ring of protection from magic (left hand)
 q - an uncursed ring of wizardry
Scrolls
 e - 2 scrolls of teleportation
 h - 2 scrolls of enchant armour
 j - a scroll of identify
 s - 2 scrolls of amnesia
Potions
 g - 2 potions of brilliance {unknown}
 l - 2 potions of curing {unknown}
 n - a potion of heal wounds {unknown}
 u - 2 potions of magic {unknown}
Comestibles
 f - 11 rations


   Skills:
 + Level 3.5 Fighting
 * Level 4.1 Axes
 + Level 4.3 Armour
 + Level 4.3 Shields


You had 4 spell levels left.
You didn't know any spells.
Your spell library was empty.

Dungeon Overview and Level Annotations

Branches:
Dungeon (4/15)             Temple (1/1) D:4

Altars:
Cheibriados
Dithmenos
Fedhas
Gozag
Hepliaklqana
Nemelex Xobeh
Okawaru
Qazlal
Ru
Uskayaw
Vehumet
Wu Jian
Yredelemnul
Zin
The Shining One

Annotations:
D:3 2 runed translucent doors, Gaball's ghost, amateur MiBe


Innate Abilities, Weirdness & Mutations

You are resistant to damage.
You can heal yourself by infusing magical energy.
You passively map a small area around you.
You do not regenerate.


Message History

The ogre is severely wounded.
The ogre hits you with a +0 giant club!
Your chain mail prevents you from hitting the ogre.
The ogre is severely wounded.
The ogre hits you with a +0 giant club.
You barely miss the ogre.
The ogre is severely wounded.
The worker ant twitches its antennae in your direction.
You block the ogre's attack.
You hit the ogre but do no damage.
The ogre is severely wounded.
You barely miss the ogre.
The ogre is severely wounded.
The ogre barely misses you.
You hit the ogre.
The ogre is severely wounded.
The ogre hits you with a +0 giant club!!
* * * LOW HITPOINT WARNING * * *
You fail to use your ability.
The ogre hits you with a +0 giant club!
You die...

##..#...≈≈≈..............#
#...........#.#.#...###.#
###
##..#######.##.#.#...###.#
.. ...## .............##.#
.# * #...#
#.#.#..#.#....##.###.###
#...#
#.#.#..#...............#
#...# #
#.(............###.#.#
#...# ###.##O#########
*... #...# # #@# * **
..... #...# , #a# , *
##.#) ..... , ... , ,**,
,.# ...... * #.... , , .
..... , *, #...##, , , ..
#...# # ,..###*, , #...#.#
*, #.* ......*, .. , ,
#...# ,


You could see an ogre and a worker ant.

Vanquished Creatures
  A howler monkey (D:4)
  An orc priest (D:3)
  A bullfrog skeleton (D:4)
  A worker ant (D:4)
  An adder (D:2)
  An ooze (D:2)
  4 worms
  A dart slug (D:1)
  A leopard gecko (D:4)
  5 orcs
  4 giant cockroaches
  4 goblins
  5 hobgoblins
  7 bats
  9 frilled lizards
  5 kobolds
  9 rats
60 creatures vanquished.

Notes
Turn   | Place    | Note
-------+----------+-------------------------------------------
     0 | D:1      | mortelune the Deep Dwarf Fighter began the quest for the
                  | Orb.
     0 | D:1      | Reached XP level 1. HP: 20/20 MP: 1/1
   482 | D:1      | Reached XP level 2. HP: 25/27 MP: 2/2
   694 | D:2      | Reached XP level 3. HP: 32/34 MP: 3/3
  1028 | D:2      | Found a radiant altar of Vehumet.
  1202 | D:2      | Found a blossoming altar of Fedhas.
  1986 | D:3      | Reached XP level 4. HP: 30/42 MP: 4/4
  2165 | D:3      | Found a large runed translucent door.
  2165 | D:3      | Found a large runed translucent door.
  2167 | D:3      | Noticed Gaball's ghost (amateur MiBe)
  2710 | D:4      | Reached XP level 5. HP: 18/49 MP: 5/5
  2714 | D:4      | Noticed an ogre
  2751 | D:4      | Found a staircase to the Ecumenical Temple.
  2758 | Temple   | Entered the Ecumenical Temple
  3212 | D:4      | HP: 1/49 [ogre/+0 giant club (17)]
  3213 | D:4      | Demolished by an ogre

Levels and vault maps discovered:
D:1:      sevenhm_arrival_forest_fort_small_3, layout_basic
D:2:      layout_basic, fiery_altar_vehumet, grunt_ministairs_2, fedhas_altar_4
D:3:      layout_basic, ebering_ghost_disaster_area, first_ration,
          grunt_decor_one_mirror, nrook_uturn, minmay_misc_feat_iff,
          mrwooster_statue_mirror
D:4:      layout_loops_cross, lightli_temple_of_fire, minmay_temple_entry_mist
Temple:   nicolae_temple_figure_eight

Skill      XL: |  1  2  3  4  5 |
---------------+----------------+-----
Fighting       | 3 |  3.5
Axes           | 3 4 |  4.1
Armour         | 4 |  4.3
Shields        | 4 |  4.3

Action                   |  1- 3 |  4- 6 || total
-------------------------+-------+-------++-------
Melee: War axe           |   110 |    50 ||   160
       Whip              |       |    69 ||    69
 Abil: Heal Wounds       |       |     1 ||     1
  Use: Scroll            |     1 |     3 ||     4
       Potion            |       |     1 ||     1
  Eat: Chunk             |     3 |     3 ||     6
Armor: Scale mail        |    47 |    26 ||    73
       Chain mail        |       |    24 ||    24
Dodge: Dodged            |    47 |    41 ||    88
Block: Shield            |    32 |       ||    32
       Buckler           |    17 |    44 ||    61
